SA
MANCELONA TORCH @ SYRACUSE STORM
07/01/2041
 
TOP OF THE 1ST
Mancelona Torch batting - Pitching for Syracuse Storm : RHP Kevin Moran
Pitching: RHP Kevin Moran
Batting: RHB Joe Havermeyer 0-0: Ball
1-0: Foul Ball, location: 2F
1-1: Fly out, F8 (Line Drive, 8LM, EV 87.5 MPH)
Batting: RHB Ramiro Castillo 0-0: SINGLE (Flyball, 78S, EV 90.6 MPH)
Batting: LHB Diego Alejandro Ureña 0-0: Foul Ball, location: 2F
0-1: Foul Ball, location: 2F
0-2: Ball
1-2: Ball
2-2: TRIPLE (Flyball, 78XD, EV 93.8 MPH)
Ramiro Castillo scores
Batting: RHB Bill Wells 0-0: Foul Ball, location: 2F
0-1: Reached via error on a dropped throw from SS, E3 (Groundball, 6, EV 84.4 MPH)
Diego Alejandro Ureña scores
Batting: SHB Alan Campbell 0-0: Ball
1-0: Swinging Strike
1-1: Ball
2-1: Foul Ball, location: 2F
2-2: Strikes out looking
Batting: LHB Qi-zhen Shen 0-0: Called Strike
0-1: Ball
1-1: Ball
2-1: Foul Ball, location: 2F
2-2: Strikes out swinging
Top of the 1st over - 2 runs, 2 hits, 1 error, 1 left on base; Mancelona 2 - Syracuse 0
BOTTOM OF THE 1ST
Syracuse Storm batting - Pitching for Mancelona Torch : LHP Bryan Workman
Pitching: LHP Bryan Workman
Batting: SHB Ignacio Cabrera 0-0: Called Strike
0-1: Ball
1-1: SINGLE (Flyball, 34D, EV 87.5 MPH)
Batting: LHB Bobby Verstraten 0-0: Ball
1-0: Ball
2-0: Called Strike
2-1: Called Strike
2-2: Ball
3-2: Foul Ball, location: 2F
3-2: Foul Ball, location: 2F
3-2: Foul Ball, location: 2F
3-2: Foul Ball, location: 2F
3-2: Strikes out swinging
Batting: RHB Julian Lemur 0-0: Ball
1-0: Foul Ball, location: 2F
1-1: Foul Ball, location: 2F
1-2: SINGLE (Line Drive, 7S, EV 93.1 MPH)
Ignacio Cabrera to second
Batting: RHB Emílio Pueblo 0-0: Ball
1-0: Called Strike
Ignacio Cabrera steals 3rd base
Julian Lemur to second
1-1: Fly out, F9 (Flyball, 89D, EV 93.1 MPH)
Runner from 3rd tags up, SCORES, throw by RF
Julian Lemur to third
Batting: RHB Randy Baker 0-0: Ball
1-0: Swinging Strike
1-1: Foul Ball, location: 2F
1-2: Strikes out swinging
Bottom of the 1st over - 1 run, 2 hits, 0 errors, 1 left on base; Mancelona 2 - Syracuse 1
TOP OF THE 2ND
Mancelona Torch batting - Pitching for Syracuse Storm : RHP Kevin Moran
Batting: RHB Paul Sykes 0-0: Called Strike
0-1: Swinging Strike
0-2: Strikes out swinging
Batting: RHB Francisco Rocha 0-0: Ground out 5-3 (Groundball, 56, EV 102.5 MPH)
Batting: RHB Glen Stockhill 0-0: Called Strike
0-1: Ground out U3 (Groundball, 3S, EV 85.6 MPH)
Top of the 2nd over - 0 runs, 0 hits, 0 errors, 0 left on base; Mancelona 2 - Syracuse 1
BOTTOM OF THE 2ND
Syracuse Storm batting - Pitching for Mancelona Torch : LHP Bryan Workman
Batting: RHB Charlie Yaeger 0-0: Foul Ball, location: 2F
0-1: Swinging Strike
0-2: Ball
1-2: Ground out 6-3 (Groundball, 6S, EV 89.4 MPH)
Batting: LHB Russell Hamilton 0-0: Ball
1-0: Ball
2-0: Ball
3-0: Base on Balls
Batting: LHB Bruce Hampton 0-0: Called Strike
0-1: Ball
1-1: Called Strike
1-2: Foul Ball, location: 2F
1-2: Foul Ball, location: 2F
1-2: Foul Ball, location: 2F
1-2: Strikes out swinging
Batting: SHB Alejandro De La Cerdo 0-0: Called Strike
0-1: Called Strike
0-2: Ball
1-2: Ball
2-2: Strikes out swinging
Bottom of the 2nd over - 0 runs, 0 hits, 0 errors, 1 left on base; Mancelona 2 - Syracuse 1
TOP OF THE 3RD
Mancelona Torch batting - Pitching for Syracuse Storm : RHP Kevin Moran
Batting: RHB Joe Havermeyer 0-0: Foul Ball, location: 2F
0-1: Ball
1-1: Ball
2-1: Foul Ball, location: 2F
2-2: Ball
3-2: SINGLE (Line Drive, 8RS, EV 91.9 MPH)
Batting: RHB Ramiro Castillo 0-0: Swinging Strike
Joe Havermeyer is caught stealing 2nd base 2-4
0-1: Foul Ball, location: 2F
0-2: Foul Ball, location: 2F
0-2: Ball
1-2: Strikes out looking
Batting: LHB Diego Alejandro Ureña 0-0: Ball
1-0: Ball
2-0: Ball
3-0: Base on Balls
Batting: RHB Bill Wells 0-0: Called Strike
0-1: Ground out 5-3 (Groundball, 56S, EV 93.1 MPH)
Top of the 3rd over - 0 runs, 1 hit, 0 errors, 1 left on base; Mancelona 2 - Syracuse 1
BOTTOM OF THE 3RD
Syracuse Storm batting - Pitching for Mancelona Torch : LHP Bryan Workman
Batting: SHB Ignacio Cabrera 0-0: Ball
1-0: Ball
2-0: Swinging Strike
2-1: Ball
3-1: Base on Balls
Batting: LHB Bobby Verstraten 0-0: Ball
1-0: Fielders Choice at 2nd, 6-4 (Groundball, 6, EV 103.1 MPH)
Batting: RHB Julian Lemur 0-0: Ball
Bobby Verstraten steals 2nd base
1-0: Ball
2-0: Fly out, F8 (Line Drive, 8LD, EV 86.2 MPH)
Batting: RHB Emílio Pueblo 0-0: Ball
1-0: SINGLE (Groundball, 4, EV 85.0 MPH) (infield hit)
Bobby Verstraten to third
Batting: RHB Randy Baker 0-0: Called Strike
Emílio Pueblo steals 2nd base
0-1: SINGLE (Line Drive, 6MD, EV 96.9 MPH)
Bobby Verstraten scores
Emílio Pueblo to third
Runner from 3rd tries for Home, SAFE, throw by CF to home
Batting: RHB Charlie Yaeger 0-0: Ball
1-0: Ball
2-0: Called Strike
2-1: Foul Ball, location: 2F
2-2: Strikes out looking
Bottom of the 3rd over - 2 runs, 2 hits, 0 errors, 1 left on base; Mancelona 2 - Syracuse 3
TOP OF THE 4TH
Mancelona Torch batting - Pitching for Syracuse Storm : RHP Kevin Moran
Batting: SHB Alan Campbell 0-0: Called Strike
0-1: Ball
1-1: Ball
2-1: SINGLE (Groundball, 34D, EV 104.4 MPH)
Batting: LHB Qi-zhen Shen 0-0: Ball
1-0: Swinging Strike
1-1: Foul Ball, location: 2F
1-2: Ball
2-2: SINGLE (Line Drive, 5D, EV 96.2 MPH)
Alan Campbell to second
Batting: RHB Paul Sykes 0-0: SINGLE (Line Drive, 8RS, EV 93.1 MPH)
Alan Campbell to third
Qi-zhen Shen to second
Runner from 3rd tries for Home, SAFE, no throw by CF
Batting: RHB Francisco Rocha 0-0: Ball
1-0: Foul Ball, location: 2F
1-1: SINGLE (Line Drive, 89M, EV 102.5 MPH)
Qi-zhen Shen to third
Paul Sykes to second
Batting: RHB Glen Stockhill 0-0: Foul Ball, location: 2F
0-1: Ball
1-1: Ball
2-1: TRIPLE (Flyball, 8RXD, EV 102.5 MPH)
Qi-zhen Shen scores
Paul Sykes scores
Francisco Rocha scores
Pitching: RHP Pete Bird
Batting: RHB Joe Havermeyer 0-0: Ball
1-0: Ball
2-0: Ball
3-0: Called Strike
3-1: Fly out, F1 (Line Drive, P, EV 68.1 MPH)
Batting: RHB Ramiro Castillo 0-0: Ball
1-0: Ball
2-0: Called Strike
2-1: DOUBLE (Line Drive, 7LM, EV 109.4 MPH)
Glen Stockhill scores
Batting: LHB Diego Alejandro Ureña 0-0: DOUBLE (Groundball, 3L, EV 105.6 MPH)
Ramiro Castillo scores
Batting: RHB Bill Wells 0-0: Ball
1-0: Ball
2-0: Foul Ball, location: 2F
2-1: SINGLE (Line Drive, 78S, EV 101.9 MPH)
Diego Alejandro Ureña to third
Runner from 3rd tries for Home, SAFE, throw by LF to home
Batting: SHB Alan Campbell 0-0: Ball
1-0: Fly out, F6 (Popup, 6M, EV 63.1 MPH)
Batting: LHB Qi-zhen Shen 0-0: Foul Ball, location: 2F
0-1: Swinging Strike
0-2: Foul Ball, location: 2F
0-2: Ball
1-2: Ball
2-2: Foul Ball, location: 2F
2-2: Strikes out swinging
Top of the 4th over - 7 runs, 8 hits, 0 errors, 1 left on base; Mancelona 9 - Syracuse 3
BOTTOM OF THE 4TH
Syracuse Storm batting - Pitching for Mancelona Torch : LHP Bryan Workman
Batting: LHB Russell Hamilton 0-0: Called Strike
0-1: Called Strike
0-2: Ball
1-2: Ball
2-2: Ground out 6-3 (Groundball, 6M, EV 81.9 MPH)
Batting: LHB Bruce Hampton 0-0: Foul Ball, location: 2F
0-1: Ball
1-1: Foul Ball, location: 2F
1-2: Fly out, F7 (Flyball, 7, EV 83.1 MPH)
Batting: SHB Alejandro De La Cerdo 0-0: Swinging Strike
0-1: Ball
1-1: Ball
2-1: Swinging Strike
2-2: Strikes out swinging
Bottom of the 4th over - 0 runs, 0 hits, 0 errors, 0 left on base; Mancelona 9 - Syracuse 3
TOP OF THE 5TH
Mancelona Torch batting - Pitching for Syracuse Storm : RHP Pete Bird
Batting: RHB Paul Sykes 0-0: Foul Ball, location: 2F
0-1: Foul Ball, location: 2F
0-2: SINGLE (Groundball, 56D, EV 106.9 MPH)
Batting: RHB Francisco Rocha 0-0: Ball
1-0: Swinging Strike
1-1: Swinging Strike
1-2: Foul Ball, location: 2F
1-2: Foul Ball, location: 2F
1-2: Foul Ball, location: 2F
1-2: Foul Ball, location: 2F
1-2: Ball
2-2: Fly out, F9 (Flyball, 9S, EV 77.5 MPH)
Batting: RHB Glen Stockhill 0-0: Ball
1-0: Foul Ball, location: 2F
1-1: Called Strike
1-2: Strikes out swinging
Batting: RHB Joe Havermeyer 0-0: Called Strike
0-1: SINGLE (Line Drive, 7LS, EV 112.5 MPH)
Paul Sykes to second
Batting: RHB Ramiro Castillo 0-0: Ball
1-0: Called Strike
1-1: Swinging Strike
1-2: Foul Ball, location: 2F
1-2: Strikes out looking
Top of the 5th over - 0 runs, 2 hits, 0 errors, 2 left on base; Mancelona 9 - Syracuse 3
BOTTOM OF THE 5TH
Syracuse Storm batting - Pitching for Mancelona Torch : LHP Bryan Workman
Batting: SHB Ignacio Cabrera 0-0: Called Strike
0-1: Ball
1-1: SINGLE (Groundball, 56D, EV 96.2 MPH)
Batting: LHB Bobby Verstraten 0-0: Called Strike
0-1: Foul Ball, location: 2F
0-2: Ball
1-2: Ball
2-2: Ball
3-2: Strikes out swinging
Batting: RHB Julian Lemur 0-0: Called Strike
0-1: Grounds into double play, 5-4-3 (Groundball, 56, EV 101.9 MPH)
Bottom of the 5th over - 0 runs, 1 hit, 0 errors, 0 left on base; Mancelona 9 - Syracuse 3
TOP OF THE 6TH
Mancelona Torch batting - Pitching for Syracuse Storm : RHP Pete Bird
Batting: LHB Diego Alejandro Ureña 0-0: Called Strike
0-1: Foul Ball, location: 2F
0-2: Foul Ball, location: 2F
0-2: Foul Ball, location: 2F
0-2: Ball
1-2: Ground out 1-3 (Groundball, 34S, EV 83.1 MPH)
Batting: RHB Bill Wells 0-0: Ball
1-0: Ball
2-0: Fly out, F8 (Flyball, 8RD, EV 109.4 MPH)
Batting: SHB Alan Campbell 0-0: Foul Ball, location: 2F
0-1: Called Strike
0-2: Fly out, F7 (Line Drive, 7, EV 103.8 MPH)
Top of the 6th over - 0 runs, 0 hits, 0 errors, 0 left on base; Mancelona 9 - Syracuse 3
BOTTOM OF THE 6TH
Syracuse Storm batting - Pitching for Mancelona Torch : LHP Bryan Workman
Batting: RHB Emílio Pueblo 0-0: Foul Ball, location: 2F
0-1: Ball
1-1: Ball
2-1: Swinging Strike
2-2: Ball
3-2: SINGLE (Flyball, 7S, EV 97.5 MPH)
Batting: RHB Randy Baker 0-0: Fly out, F9 (Flyball, 9D, EV 98.8 MPH)
Batting: RHB Charlie Yaeger 0-0: Ball
Emílio Pueblo steals 2nd base
1-0: Called Strike
1-1: Foul Ball, location: 2F
1-2: Ball
2-2: Ball
3-2: SINGLE (Groundball, 3S, EV 93.8 MPH) (infield hit)
Emílio Pueblo to third
Batting: LHB Russell Hamilton 0-0: Foul Ball, location: 2F
0-1: Ball
1-1: Ball
2-1: Ball
3-1: Base on Balls
Charlie Yaeger to second
Pitching: RHP Tom Johnson
Batting: LHB Bruce Hampton 0-0: Swinging Strike
0-1: Foul Ball, location: 2F
0-2: Ball
1-2: Foul Ball, location: 2F
1-2: Grounds into double play, 5-4-3 (Groundball, 56, EV 101.9 MPH)
Bottom of the 6th over - 0 runs, 2 hits, 0 errors, 2 left on base; Mancelona 9 - Syracuse 3
TOP OF THE 7TH
Mancelona Torch batting - Pitching for Syracuse Storm : RHP Pete Bird
Batting: LHB Qi-zhen Shen 0-0: Swinging Strike
0-1: Foul Ball, location: 2F
0-2: Ball
1-2: Fly out, F8 (Line Drive, 8LD, EV 92.5 MPH)
Batting: RHB Paul Sykes 0-0: Ball
1-0: SINGLE (Groundball, 34D, EV 106.9 MPH)
Batting: RHB Francisco Rocha 0-0: Ball
1-0: Foul Ball, location: 2F
1-1: Grounds into double play, 6-4-3 (Groundball, 6, EV 109.4 MPH)
Top of the 7th over - 0 runs, 1 hit, 0 errors, 0 left on base; Mancelona 9 - Syracuse 3
BOTTOM OF THE 7TH
Syracuse Storm batting - Pitching for Mancelona Torch : RHP Tom Johnson
Batting: SHB Alejandro De La Cerdo 0-0: Called Strike
0-1: Ball
1-1: Ground out 5-3 (Groundball, 56, EV 96.2 MPH)
Batting: SHB Ignacio Cabrera 0-0: Ball
1-0: SINGLE (Groundball, 4S, EV 91.2 MPH) (infield hit)
Batting: LHB Bobby Verstraten 0-0: Ball
1-0: TRIPLE (Line Drive, 8RXD, EV 103.1 MPH)
Ignacio Cabrera scores
Batting: RHB Julian Lemur 0-0: Foul Ball, location: 2F
0-1: Called Strike
0-2: Ball
1-2: Foul Ball, location: 2F
1-2: DOUBLE (Line Drive, 5D, EV 98.1 MPH)
Bobby Verstraten scores
Batting: RHB Emílio Pueblo 0-0: Called Strike
0-1: Called Strike
Julian Lemur is caught stealing 3rd base 2-5
0-2: Ball
1-2: Ground out 5-3 (Groundball, 56, EV 88.8 MPH)
Bottom of the 7th over - 2 runs, 3 hits, 0 errors, 0 left on base; Mancelona 9 - Syracuse 5
TOP OF THE 8TH
Mancelona Torch batting - Pitching for Syracuse Storm : RHP Pete Bird
Batting: RHB Glen Stockhill 0-0: Ball
1-0: Foul Ball, location: 2F
1-1: Foul Ball, location: 2F
1-2: Ball
2-2: SINGLE (Groundball, 34D, EV 105.6 MPH)
Pitching: RHP Jonathan Downs
Batting: RHB Joe Havermeyer 0-0: Ball
1-0: Reached on error, E3 (Groundball, 3S, EV 43.8 MPH)
Glen Stockhill to third
Batting: RHB Ramiro Castillo 0-0: Ball
1-0: Foul Ball, location: 2F
1-1: Foul Ball, location: 2F
1-2: SINGLE (Flyball, 78M, EV 92.5 MPH)
Glen Stockhill scores
Joe Havermeyer to third
Batting: LHB Diego Alejandro Ureña 0-0: Ball
1-0: Ball
2-0: Called Strike
2-1: Foul Ball, location: 2F
2-2: Strikes out looking
Batting: RHB Bill Wells 0-0: Called Strike
0-1: Ball
1-1: Swinging Strike
1-2: Ball
2-2: Foul Ball, location: 2F
2-2: Foul Ball, location: 2F
2-2: Grounds into double play, 4-6-3 (Groundball, 4, EV 83.1 MPH)
Top of the 8th over - 1 run, 2 hits, 1 error, 1 left on base; Mancelona 10 - Syracuse 5
BOTTOM OF THE 8TH
Syracuse Storm batting - Pitching for Mancelona Torch : RHP Tom Johnson
Batting: RHB Randy Baker 0-0: Called Strike
0-1: Ground out 5-3 (Groundball, 56, EV 107.5 MPH)
Batting: RHB Charlie Yaeger 0-0: Called Strike
0-1: Foul Ball, location: 2F
0-2: Ground out 6-3 (Groundball, 56, EV 107.5 MPH)
Batting: LHB Russell Hamilton 0-0: SOLO HOME RUN (Flyball, 89XD, EV 90.6 MPH), Distance : 452 ft
Pitching: LHP Diyaa Ababneh
Batting: LHB Bruce Hampton 0-0: Swinging Strike
0-1: Foul Ball, location: 2F
0-2: Ball
1-2: Ball
2-2: Strikes out swinging
Bottom of the 8th over - 1 run, 1 hit, 0 errors, 0 left on base; Mancelona 10 - Syracuse 6
TOP OF THE 9TH
Mancelona Torch batting - Pitching for Syracuse Storm : RHP Jonathan Downs
Batting: SHB Alan Campbell 0-0: Ball
1-0: Ground out 1-3 (Groundball, 34S, EV 77.5 MPH)
Batting: LHB Qi-zhen Shen 0-0: Swinging Strike
0-1: Swinging Strike
0-2: Foul Ball, location: 2F
0-2: Ball
1-2: Ground out 4-3 (Groundball, 4S, EV 90.6 MPH)
Batting: RHB Paul Sykes 0-0: SINGLE (Groundball, 56D, EV 103.1 MPH)
Batting: RHB Francisco Rocha 0-0: Called Strike
Paul Sykes is caught stealing 2nd base 2-4
Top of the 9th over - 0 runs, 1 hit, 0 errors, 0 left on base; Mancelona 10 - Syracuse 6
BOTTOM OF THE 9TH
Syracuse Storm batting - Pitching for Mancelona Torch : LHP Diyaa Ababneh
Batting: SHB Alejandro De La Cerdo 0-0: Ball
1-0: Ball
2-0: Foul Ball, location: 2F
2-1: Swinging Strike
2-2: Fly out, F8 (Flyball, 8LD, EV 86.9 MPH)
Batting: SHB Ignacio Cabrera 0-0: Ball
1-0: Swinging Strike
1-1: Ball
2-1: Called Strike
2-2: Foul Ball, location: 2F
2-2: Ball
3-2: Foul Ball, location: 2F
3-2: Strikes out swinging
Batting: LHB Bobby Verstraten 0-0: Ball
1-0: SINGLE (Line Drive, 9, EV 91.2 MPH)
Batting: RHB Julian Lemur 0-0: Called Strike
0-1: Called Strike
0-2: Ball
1-2: Ball
2-2: Foul Ball, location: 2F
2-2: Ball
3-2: Foul Ball, location: 2F
3-2: Base on Balls
Bobby Verstraten to second
Batting: RHB Emílio Pueblo 0-0: Ball
1-0: Swinging Strike
1-1: Ball
2-1: Called Strike
2-2: Strikes out swinging
Bottom of the 9th over - 0 runs, 1 hit, 0 errors, 2 left on base; Mancelona 10 - Syracuse 6
Tuesday, January 5th, 2021 - OOTP Baseball 20.8 Build 74